 Dungeon Crawl Stone Soup version 0.27-a0-291-gd9602db6ee (webtiles) character file.

Game seed: 6039259939369417780

101 MalarOregon the Vandal (level 5, -14/32 HPs)
             Began as a Halfling Arcane Marksman on Feb 10, 2021.
             Demolished by an ogre
             ... wielding a +0 giant club
              (21 damage)
             ... on level 2 of the Dungeon.
             The game lasted 00:03:49 (2108 turns).

MalarOregon the Vandal (Halfling Arcane Marksman)   Turns: 2108, Time: 00:03:49

Health: -14/32     AC:  2    Str: 12    XL:     5   Next: 4%
Magic:  6/6        EV: 15    Int: 11    God:
Gold:   98         SH:  0    Dex: 15    Spells: 5/6 levels left

rFire    . . .     SeeInvis .   a - +0 hunting sling
rCold    . . .     Faith    .   (shield restricted)
rNeg     . . .     Spirit   .   e - +0 robe
rPois    .         Reflect  .   (no helmet)
rElec    .         Harm     .   (no cloak)
rCorr    .         Rampage  .   (no gloves)
Will     .....                  (no boots)
Stlth    +.........             (no amulet)
HPRegen  0.10/turn              (no ring)
MPRegen  0.10/turn              (no ring)

@: no status effects
A: small, mutation resistance 1
a: no special abilities


You were on level 2 of the Dungeon.
You visited 1 branch of the dungeon, and saw 2 of its levels.

You collected 98 gold pieces.

Inventory:

Hand Weapons
 a - a +0 hunting sling (weapon)
Missiles
 c - 59 stones
 d - 23 sling bullets (quivered ammo)
Armour
 e - a +0 robe (worn)
 k - a +2 helmet
   (You took it off Robin on level 2 of the Dungeon)
Wands
 v - a wand of digging (1)
   (You found it on level 2 of the Dungeon)
Scrolls
 b - 3 scrolls of identify {unknown}
 f - a scroll of enchant armour {unknown}
 i - a scroll of remove curse {unknown}
 j - a scroll of noise {unknown}
 l - a scroll of magic mapping {unknown}
Potions
 g - a potion of lignification {unknown}
 h - 3 potions of attraction {unknown}


   Skills:
 - Level 0.8 Fighting
 + Level 7.0 Slings
 - Level 2.1 Dodging
 - Level 1.0 Spellcasting
 - Level 2.4 Hexes


You had 5 spell levels left.
You knew the following spells:

 Your Spells              Type           Power        Failure   Level
a - Corona                Hex            5%           12%         1

Your spell library contained the following spells:

 Spells                   Type           Power        Failure   Level
 Slow                     Hex            5%           19%         2
 Inner Flame              Hex/Fire       3%           52%         3
 Portal Projectile        Hex/Tloc       6%           52%         3
 Cause Fear               Hex            2%           77%         4
 Leda's Liquefaction      Hex/Erth       1%           89%         4


Dungeon Overview and Level Annotations

Branches:
Dungeon (2/15)

Altars:
Gozag
Okawaru
Ru
Wu Jian
Zin
The Shining One


Innate Abilities, Weirdness & Mutations

You are small and have problems with some larger weapons.
You are somewhat resistant to further mutation.


Message History

You see here a rat corpse.
No target in view!
Things that are here:
a +0 club; a +0 club; a goblin skeleton
Items here: ))) ÷÷÷.
Items here: )) [ ÷÷.
You see here a mace.
You see here a spear.
There is a stone staircase leading up here.
You open the door.
Found a glowing golden altar of the Shining One.
You open the door.
A hobgoblin and an ogre come into view.
The hobgoblin shouts!
The ogre shouts!
Found 2 fizzy pink potions.
Found three altars.
There are monsters nearby!
There are monsters nearby!
You shoot a stone. The stone hits the hobgoblin.
The hobgoblin hits you but does no damage.
You shoot a stone. The stone hits the hobgoblin.
You kill the hobgoblin!
You shoot a sling bullet.
The sling bullet barely misses the ogre.
The sling bullet hits the plant!
The plant begins to die.
The ogre misses you.
You shoot a sling bullet.
The sling bullet hits the ogre but does no damage.
You shoot a sling bullet. The sling bullet hits the ogre!
The ogre barely misses you.
You shoot a sling bullet. The sling bullet hits the ogre.
The ogre barely misses you.
You shoot a sling bullet.
The sling bullet hits the ogre but does no damage.
A nearby plant withers and dies.
You shoot a sling bullet. The sling bullet hits the ogre.
The ogre misses you.
You shoot a sling bullet.
The sling bullet barely misses the ogre.
The sling bullet hits the plant!
The plant begins to die.
The ogre hits you with a +0 giant club!!
Ouch! That really hurt!
* * * LOW HITPOINT WARNING * * *
Fire: 25 sling bullets
Aim: an ogre, wielding a +0 giant club (severely wounded, 76% to hit)
You shoot a sling bullet.
The sling bullet barely misses the ogre.
Fire: 24 sling bullets
Aim: an ogre, wielding a +0 giant club (severely wounded, 76% to hit)
You shoot a sling bullet. The sling bullet hits the ogre!
The ogre hits you with a +0 giant club!!
Ouch! That really hurt!
You die...

##.########......'##..# #.#
....<..........P..#...# #.#
)#.#########..≈≈P.....#######.#
.#.# #......P............†.#
##.######.##.....##..########.#
.>........##.#######.## #.#
##.#######...# ####...#######.#
#.# #.#.# #....#.........# #.#
#.#.# #@#....######### #.#
#.#.# #O###.## ##.#######.###
.(! ### ........##.# ..⌠..
#####.#.##.# ...P...
#.....#.##.###_P_._##
>.###.#.##.#.#.##P## ..#
#.#.##.#.## ## ..###.#.##.#.#


You could see an ogre.

Vanquished Creatures
  Robin (D:2)
  2 adders (D:2)
  An ooze (D:2)
  4 worms (D:2)
  4 leopard geckos (D:1)
  2 bats
  2 giant cockroaches
  10 goblins
  5 hobgoblins (D:2)
  5 jackals (D:2)
  5 kobolds
  2 frilled lizards
  6 rats
49 creatures vanquished.

Vanquished Creatures (others)
  A plant (D:2)
1 creature vanquished.

Grand Total: 50 creatures vanquished

Notes
Turn   | Place    | Note
-------+----------+-------------------------------------------
     0 | D:1      | MalarOregon the Halfling Arcane Marksman began the quest
                  | for the Orb.
     0 | D:1      | Reached XP level 1. HP: 12/12 MP: 2/2
   124 | D:1      | Reached skill level 4 in Slings
   124 | D:1      | Reached XP level 2. HP: 18/18 MP: 3/3
   512 | D:1      | Reached XP level 3. HP: 22/22 MP: 4/4
   782 | D:2      | Reached skill level 5 in Slings
  1091 | D:2      | Reached XP level 4. HP: 27/27 MP: 5/5
  1147 | D:2      | Reached skill level 6 in Slings
  1643 | D:2      | Found a glowing silver altar of Zin.
  1667 | D:2      | Found an opulent altar of Gozag.
  1720 | D:2      | Noticed Robin
  1740 | D:2      | Killed Robin
  1876 | D:2      | Reached skill level 7 in Slings
  1876 | D:2      | Reached XP level 5. HP: 32/32 MP: 6/6
  2082 | D:2      | Found a glowing golden altar of the Shining One.
  2097 | D:2      | Found a sacrificial altar of Ru.
  2097 | D:2      | Found an iron altar of Okawaru.
  2097 | D:2      | Found an ornate altar of the Wu Jian Council.
  2097 | D:2      | Noticed an ogre
  2108 | D:2      | Demolished by an ogre

Illustrated notes

Levels and vault maps discovered:
D:1:      sevenhm_arrival_forest_fort_large_4, layout_loops_cross
D:2:      layout_loops_ring, pdpol_temple_overflow_zin_treasury_gozag_greed,
          tso_oasis_becter, gammafunk_temple_overflow_forgotten, uniq_robin

Skill      XL: |  1  2  3  4 |
---------------+-------------+-----
Slings         | 4 5 7 |  7.0
Fighting       | |  0.8
Dodging        | |  2.1
Spellcasting   | |  1.0
Hexes          | |  2.4

Action                   |  1- 3 |  4- 6 || total
-------------------------+-------+-------++-------
 Fire: Hunting sling     |    91 |    85 ||   176
Armor: Robe              |     1 |     4 ||     5
Dodge: Dodged            |    20 |    20 ||    40

Table legend: (Time is in decaauts)
 A = Elapsed time spent in this place.
 B = Non-inter-level travel time spent in this place.
 C = Inter-level travel time spent in this place.
 D = Time resting spent in this place.
 E = Time spent auto-exploring this place.
 F = Levels seen in this place.
 G = Mean time per level.
                   A        B        C        D        E       F      G
               +--------+--------+--------+--------+--------+-----+--------+
         Total |   2094 |   2067 |     27 |    100 |   1634 |   2 | 1047.0 |
       Dungeon |   2094 |   2067 |     27 |    100 |   1634 |   2 | 1047.0 |
               +--------+--------+--------+--------+--------+-----+--------+

Top non-repeatable levels by time:
     D:2: 1316 daAuts
     D:1: 778 daAuts
